 Dungeon Crawl Stone Soup version 0.19.0-26-g9e9c210 (webtiles) character file.

135368 Alarkh the Stickfighter (level 16, -1/116 HPs)
             Began as a Mummy Necromancer on Nov 23, 2016.
             Was the Champion of Kikubaaqudgha.
             Slain by a spark wasp (14 damage)
             ... on level 3 of the Spider Nest.
             The game lasted 01:25:59 (39102 turns).

Alarkh the Stickfighter (Mummy Necromancer)        Turns: 39102, Time: 01:26:00

Health: -1/116     AC: 24    Str: 18    XL:     16   Next: 64%
Magic:  1/31       EV: 16    Int: 24    God:    Kikubaaqudgha [******]
Gold:   1350       SH:  0    Dex: 16    Spells: 9 memorised, 11 levels left

rFire  + . .     SeeInvis +     a - +1 lajatang (elec)
rCold  + . .     Gourm    .     K - +4 scale mail of the Monkey {rF+}
rNeg   + + +     Faith    .     (shield currently unavailable)
rPois  ∞         Spirit   .     n - +2 helmet {Int+3}
rElec  .         Reflect  .     p - +2 cloak {rPois}
rCorr  .         Harm     .     M - +3 pair of gloves of Anokkedi {rPois Str+6}
MR     +++..                    G - +0 pair of boots
Stlth  +.........               (no amulet)
                                C - ring of the Pure Realms {+Fly rF+ MR+ Dex+4 SInv}
                                y - +2 ring of evasion

@: repel missiles
A: no food or potions, fire vulnerability, cold resistance 1, negative energy
resistance 3, torment resistance, unbreathing, in touch with death 1
a: Receive Corpses, Torment, Brand Weapon With Pain, Receive Necronomicon,
Renounce Religion, Evoke Flight


You were on level 3 of the Spider Nest.
You worshipped Kikubaaqudgha.
Kikubaaqudgha was exalted by your worship.
You were not hungry.

You visited 5 branches of the dungeon, and saw 27 of its levels.
You also visited: Sewer, Ossuary, Ice Cave and Volcano.

You collected 3025 gold pieces.
You spent 1675 gold pieces at shops.

Inventory:

Hand Weapons
 a - a +1 lajatang of electrocution (weapon)
 b - a +6 quarterstaff of flaming
 k - the +7 quarterstaff of Uskayaw's Regard {crush, rPois Str+2}
   (You found it on level 1 of the Spider Nest)

   It inflicts extra damage upon your enemies.
   It affects your strength (+2).
   It protects you from poison.
Armour
 n - a +2 helmet of intelligence (worn)
 p - a +2 cloak of poison resistance (worn)
 G - a +0 pair of boots (worn)
 K - the +4 scale mail of the Monkey (worn) {rF+}
   (You found it on level 1 of the Lair of Beasts)

   It protects you from fire.
 M - the +3 pair of gloves of Anokkedi (worn) {rPois Str+6}
   (You found it on level 2 of the Lair of Beasts)

   It affects your strength (+6).
   It protects you from poison.
Magical Staves
 j - an uncursed staff of energy
 A - an uncursed staff of summoning
Jewellery
 y - a +2 ring of evasion (left hand)
 C - the ring of the Pure Realms (right hand) {+Fly rF+ MR+ Dex+4 SInv}
   (You bought it in a shop on level 14 of the Dungeon)

   [ring of flight]

   It affects your dexterity (+4).
   It protects you from fire.
   It affects your resistance to hostile enchantments.
   It lets you see invisible.
   It lets you fly.
Wands
 c - a wand of paralysis (21/24)
 u - a wand of polymorph (13/24)
 z - a wand of acid (7/15)
 H - a wand of digging (9/24)
Scrolls
 e - a scroll of identify
 f - a scroll of silence
 g - 8 scrolls of fog
 i - 4 scrolls of amnesia
 l - 2 scrolls of noise
 m - 3 scrolls of torment
 o - 3 scrolls of magic mapping
 q - 4 scrolls of vulnerability
 v - 2 scrolls of recharging
 E - 13 scrolls of remove curse
 F - a scroll of summoning
 Q - 2 scrolls of blinking
Miscellaneous
 d - a fan of gales


   Skills:
 + Level 7.9 Fighting
 - Level 15.0 Staves
 + Level 6.8 Armour
 + Level 7.2 Dodging
 - Level 1.5 Stealth
 * Level 11.7 Spellcasting
 * Level 9.1 Conjurations
 * Level 12.8 Necromancy


You had 11 spell levels left.
You knew the following spells:

 Your Spells              Type           Power        Failure   Level  Hunger
a - Bolt of Draining      Conj/Necr      #######...   4%          5    N/A
b - Blink                 Tloc           N/A          21%         2    N/A
c - Control Undead        Necr           #######...   1%          4    N/A
d - Repel Missiles        Chrm/Air       ##....       21%         2    N/A
e - Vampiric Draining     Necr           #######...   1%          3    N/A
f - Apportation           Tloc           ##........   14%         1    N/A
g - Pain                  Necr           ####         1%          1    N/A
h - Animate Dead          Necr           N/A          1%          4    N/A
r - Dispel Undead         Necr           #######.     1%          5    N/A

Dungeon Overview and Level Annotations

Branches:
Dungeon (15/15)            Temple (1/1) D:6            Lair (6/6) D:8
 Shoals (0/4) Lair:2       Spider (3/4) Lair:2        Slime (0/5) Lair:6
    Orc (2/2) D:10            Elf (0/3) Orc:2        Vaults (0/5) D:14
 Depths (0/5) D:15

Altars:
Ashenzari
Cheibriados
Dithmenos
Elyvilon
Fedhas
Gozag
Hepliaklqana
Kikubaaqudgha
Makhleb
Nemelex Xobeh
Okawaru
Qazlal
Ru
Sif Muna
Trog
Uskayaw
Vehumet
Xom
Yredelemnul
Zin
The Shining One
Jiyva

Shops:
D:11 (   D:14 =   D:15 (   Orc:1 [   Orc:2 %%:*[

Annotations:
D:15 Rupert


Innate Abilities, Weirdness & Mutations

You do not eat or drink.
Your flesh is vulnerable to fire.
You are immune to poison.
Your flesh is cold resistant. (rC+)
You are immune to negative energy. (rN+++)
You are immune to unholy pain and torment.
You can survive without breathing.
You are in touch with the powers of death.


Message History

The spark wasp is moderately wounded.
The spark wasp stings you but does no damage.
The spark wasp closely misses you.
Casting: Bolt of Draining
Confirm with . or Enter, or press ? or * to list all spells.
Aiming: Bolt of Draining
Press: ? - help, Shift-Dir - straight line, f/p - spark wasp
Aim: a spark wasp (moderately wounded, lightly drained)
You feel a surge of power!
The bolt of negative energy hits the spark wasp.
The spark wasp is drained!
The spark wasp is severely wounded.
The spark wasp barely misses you.
You slash the spark wasp!
The spark wasp is almost dead.
The spark wasp stings you!!
* * * LOW HITPOINT WARNING * * *
The spark wasp shocks you!
You die...
Kikubaaqudgha rasps: "You have failed me!
Welcome... oblivion!"

### #@##
##y##
##.## ##
##s##
#.#
##.##
#.#
##.###.#
##†#.#
##.#
###.##


You could see a spark wasp and a wolf spider.

Vanquished Creatures
  The ghost of Philosophy the Severer, a journeyman HOFi of Okawaru (IceCv)
  3 emperor scorpions
  An entropy weaver (shapeshifter) (D:15)
  2 entropy weavers
  Nessos (Lair:4)
  The ghost of Capuchin the Fighter, a journeyman MiFi of Okawaru (IceCv)
  A spark wasp (Spider:2)
  A fire dragon (Lair:6)
  Fannar (D:10)
  A catoblepas (Lair:5)
  12 hydras
  A centaur warrior (D:14)
  A death knight (D:15)
  2 tengu warriors
  An orc high priest (Orc:1)
  A fire crab (Volcano)
  15 skeletal warriors
  6 unseen horrors
  A glowing orange brain (D:15)
  2 lindwurms
  3 orc knights
  7 hill giants
  2 wolf spider zombies (D:15)
  Pikel (D:4)
  7 orb spiders
  12 wolf spiders
  4 deep elf magi
  2 manticores
  6 orc sorcerers
  6 ugly things
  2 cyclopes (D:15)
  A moth of wrath (Spider:1)
  A siren (Lair:2)
  2 ice statues (IceCv)
  10 black mambas
  28 elephants
  2 torpor snails
  5 spiny frogs
  A gargoyle (D:9)
  2 rime drakes
  13 komodo dragons
  6 demonic crawlers
  A freezing wraith (D:15)
  A tengu conjurer (D:13)
  A jumping spider (shapeshifter) (D:15)
  26 jumping spiders
  2 two-headed ogres
  6 trolls
  3 meliai
  20 polar bears
  2 hornets
  5 slime creatures (D:15)
  7 hippogriffs
  8 blink frogs (Lair:6)
  3 dream sheep (Lair:6)
  15 tarantellas
  A shadow (D:11)
  3 wyverns
  44 redbacks
  9 fire bats (Volcano)
  A water elemental (D:12)
  15 humans
  29 yaks
  A steam dragon (shapeshifter) (D:15)
  5 basilisks
  2 fire elementals (D:13)
  3 vampire mosquitoes (D:13)
  2 hungry ghosts
  3 steam dragons
  Menkaure (D:7)
  2 mottled dragons (Lair:6)
  3 wargs (Orc:2)
  A soldier ant (D:11)
  8 water moccasins
  A floating eye (shapeshifter) (D:15)
  4 hell hounds
  23 orc warriors
  10 porcupines
  6 sky beasts
  3 ice beasts
  A black bear (D:7)
  3 phantoms
  9 ogres
  12 centaurs
  7 wolves (IceCv)
  18 crocodiles
  A crocodile (shapeshifter) (D:15)
  3 big kobolds
  Blork the orc (D:4)
  12 bullfrogs
  A wyvern zombie (Ossuary)
  A wyvern skeleton (D:10)
  A water moccasin skeleton (D:11)
  2 scorpions
  21 killer bees
  3 electric eels
  7 howler monkeys
  4 crimson imps
  2 centaur zombies
  12 lava snakes
  A quasit (D:6)
  2 bullfrog zombies
  7 jellies
  39 orc wizards
  22 orc priests
  Crazy Yiuf (D:7)
  6 hounds
  4 centaur skeletons
  2 iguanas
  13 worker ants
  2 killer bee zombies (Ossuary)
  14 mummies
  2 hound zombies (Ossuary)
  2 worker ant zombies (Ossuary)
  7 gnolls
  10 adders
  5 river rats (Sewer)
  3 shadow imps
  5 white imps (D:12)
  An ooze (D:4)
  2 adder zombies
  2 worms
  4 dart slugs
  6 leopard geckos
  81 orcs
  5 bats
  10 giant cockroaches
  5 goblins
  5 hobgoblins
  13 jackals
  18 kobolds
  3 quokkas
  6 ball pythons
  7 frilled lizards
  2 giant cockroach zombies (Ossuary)
  A jackal zombie (Ossuary)
  A leopard gecko zombie (Ossuary)
  A quokka zombie (D:5)
  13 rats
  A plant (Lair:3)
913 creatures vanquished.

Vanquished Creatures (collateral kills)
  A frost giant (IceCv)
  5 molten gargoyles
  A bullfrog zombie (Ossuary)
  A hound zombie (Ossuary)
  5 mummies (Ossuary)
  A howler monkey zombie (Ossuary)
  A jackal zombie (Ossuary)
  3 kobolds (D:7)
  A leopard gecko zombie (Ossuary)
19 creatures vanquished.

Vanquished Creatures (others)
  A redback (Spider:1)
  A tarantella (Spider:1)
  An orc wizard (D:7)
  13 fungi
  14 plants
  A withered plant (Ossuary)
31 creatures vanquished.

Grand Total: 963 creatures vanquished

Notes
Turn   | Place    | Note
-------+----------+-------------------------------------------
     0 | D:1      | Alarkh the Mummy Necromancer began the quest for the Orb.
     0 | D:1      | Reached XP level 1. HP: 13/13 MP: 3/3
   232 | D:1      | Reached XP level 2. HP: 10/19 MP: 0/5
   908 | D:1      | Reached XP level 3. HP: 16/24 MP: 1/7
  1528 | D:2      | Learned a level 3 spell: Vampiric Draining
  1622 | D:2      | Found an ancient bone altar of Kikubaaqudgha.
  1631 | D:2      | Found a sparkling altar of Nemelex Xobeh.
  1634 | D:2      | Found an opulent altar of Gozag.
  1637 | D:2      | Found a deep blue altar of Sif Muna.
  1643 | D:2      | Became a worshipper of Kikubaaqudgha
  1941 | D:2      | Reached XP level 4. HP: 29/30 MP: 8/8
  2253 | D:2      | Found a burning altar of Makhleb.
  2294 | D:3      | Found a glowing drain.
  2369 | Sewer    | Entered a sewer
  2400 | Sewer    | Reached skill level 5 in Necromancy
  2703 | Sewer    | Reached XP level 5. HP: 23/35 MP: 10/10
  2722 | Sewer    | Reached * piety under Kikubaaqudgha
  2722 | Sewer    | Identified Kikubaaqudgha's Collected Works on Evil (Kikubaaqudgha gifted it to you in a sewer)
  2722 | Sewer    | Received a gift from Kikubaaqudgha
  2729 | Sewer    | Learned a level 4 spell: Control Undead
  3321 | D:4      | Found a stormy altar of Qazlal.
  3365 | D:4      | Found a blossoming altar of Fedhas.
  3408 | D:4      | Noticed a slave
  3430 | D:4      | Noticed Blork the orc
  3456 | D:4      | Killed Blork the orc
  3456 | D:4      | Reached XP level 6. HP: 25/41 MP: 5/12
  4082 | D:4      | Noticed Pikel
  4091 | D:4      | Noticed a slave
  4095 | D:4      | Noticed a slave
  4096 | D:4      | Killed Pikel
  4096 | D:4      | Reached skill level 5 in Spellcasting
  4096 | D:4      | Reached XP level 7. HP: 37/46 MP: 11/15
  4302 | D:5      | Entered Level 5 of the Dungeon
  4337 | D:5      | Found a shattered altar of Ashenzari.
  4898 | D:5      | Reached skill level 1 in Armour
  4940 | D:5      | Reached skill level 1 in Fighting
  4940 | D:5      | Reached XP level 8. HP: 39/54 MP: 13/17
  5324 | D:6      | Reached ** piety under Kikubaaqudgha
  5840 | D:6      | Found a staircase to the Ecumenical Temple.
  6023 | D:6      | Found a hide-covered altar of Uskayaw.
  6454 | Temple   | Entered the Ecumenical Temple
  6631 | D:7      | Noticed Menkaure
  6641 | D:7      | Reached XP level 9. HP: 62/62 MP: 19/19
  6663 | D:7      | Found a shadowy altar of Dithmenos.
  6667 | D:7      | Found a basalt altar of Yredelemnul.
  6681 | D:7      | Your ally died
  6709 | D:6      | Reached *** piety under Kikubaaqudgha
  6709 | D:6      | Identified Kikubaaqudgha's Guide on Necromancy (Kikubaaqudgha gifted it to you on level 6 of the Dungeon)
  6709 | D:6      | Received a gift from Kikubaaqudgha
  6728 | D:6      | Learned a level 5 spell: Bolt of Draining
  6734 | D:6      | Learned a level 5 spell: Dispel Undead
  6984 | D:7      | Found an iron altar of Okawaru.
  7055 | D:7      | Reached skill level 1 in Conjurations
  7499 | D:7      | Found a runed door.
  7611 | D:7      | Noticed Crazy Yiuf
  7615 | D:7      | Killed Crazy Yiuf
  7682 | D:8      | Learned a level 2 spell: Blink
  7685 | D:8      | Learned a level 2 spell: Repel Missiles
  7699 | D:8      | Found a sand-covered staircase.
  7707 | Ossuary  | Entered an ossuary
  8681 | D:8      | Found a staircase to the Lair.
  8803 | D:8      | Reached **** piety under Kikubaaqudgha
  8881 | D:8      | Found a shimmering altar of Xom.
  9491 | D:9      | Reached XP level 10. HP: 70/70 MP: 20/22
  9496 | D:9      | Noticed a gargoyle
  9569 | D:9      | Killed an unseen horror
  9957 | D:9      | Found a shimmering altar of Xom.
 10036 | D:9      | Found a white marble altar of Elyvilon.
 10169 | D:9      | Found a sacrificial altar of Ru.
 10378 | Lair:1   | Entered Level 1 of the Lair of Beasts
 10378 | Lair:1   | Noticed a four-headed hydra
 10534 | D:7      | Got a brightly glowing mace {drain}
 10535 | D:7      | Identified the +10 mace "Vasol" {drain, +Rage rF- MR- Dex+7} (You took it off an orc on level 7 of the Dungeon)
 11519 | Lair:1   | Learned a level 1 spell: Apportation
 11527 | Lair:1   | Noticed a spiny frog
 11536 | Lair:1   | Killed a spiny frog
 11606 | Lair:1   | Noticed a spiny frog
 11611 | Lair:1   | Killed a spiny frog
 11885 | Lair:1   | Got an ichor-stained scale mail
 11896 | Lair:1   | Identified the +4 scale mail of the Monkey {rF+} (You found it on level 1 of the Lair of Beasts)
 11983 | Lair:1   | Reached ***** piety under Kikubaaqudgha
 12259 | Lair:2   | Got a pair of heavily runed gloves
 12270 | Lair:2   | Identified the +3 pair of gloves of Anokkedi {rPois Str+6} (You found it on level 2 of the Lair of Beasts)
 12273 | Lair:2   | Found a hole to the Spider Nest.
 12353 | Lair:2   | Reached skill level 10 in Necromancy
 12413 | Lair:2   | Reached XP level 11. HP: 73/78 MP: 23/23
 12423 | Lair:2   | Noticed a seven-headed hydra
 12443 | Lair:2   | Killed a seven-headed hydra
 12452 | Lair:2   | Reached skill level 5 in Fighting
 12452 | Lair:2   | Reached skill level 5 in Conjurations
 13001 | Lair:2   | Reached skill level 5 in Dodging
 13087 | Lair:2   | Found a staircase to the Shoals.
 13934 | Lair:3   | Found a dark tunnel.
 13944 | Volcano  | Entered a volcano
 14183 | Volcano  | Found a bloodstained altar of Trog.
 14183 | Volcano  | Noticed a lindwurm
 14457 | Volcano  | Reached skill level 5 in Armour
 14559 | Volcano  | Noticed a fire crab
 14560 | Volcano  | Killed a lindwurm
 15040 | Volcano  | Learned a level 4 spell: Animate Dead
 15147 | Volcano  | Killed a fire crab
 15839 | Lair:3   | Reached skill level 1 in Staves
 16001 | Lair:3   | Reached XP level 12. HP: 79/87 MP: 13/25
 16278 | Lair:4   | Found a frozen archway.
 16343 | IceCv    | Entered an ice cave
 16499 | IceCv    | Reached skill level 2 in Staves
 17162 | IceCv    | Reached skill level 10 in Spellcasting
 17521 | IceCv    | Noticed Philosophy's ghost (journeyman HOFi)
 17533 | IceCv    | Noticed a frost giant
 17963 | IceCv    | Killed a frost giant
 18195 | IceCv    | Killed Philosophy's ghost
 18195 | IceCv    | Reached skill level 3 in Staves
 18475 | IceCv    | Got a translucent halberd
 18522 | IceCv    | Noticed Capuchin's ghost (journeyman MiFi)
 18603 | IceCv    | Killed Capuchin's ghost
 19214 | Lair:4   | Gained mutation: You are in touch with the powers of death. [Mummy growth]
 19214 | Lair:4   | Reached XP level 13. HP: 70/95 MP: 15/27
 19235 | Lair:4   | Noticed Nessos
 19630 | Lair:4   | Killed Nessos
 19851 | Lair:4   | Reached skill level 4 in Staves
 20916 | Lair:6   | Entered Level 6 of the Lair of Beasts
 21201 | Lair:6   | Reached ****** piety under Kikubaaqudgha
 21516 | Lair:6   | Reached skill level 5 in Staves
 22005 | Lair:6   | Found a viscous altar of Jiyva.
 22005 | Lair:6   | Found a staircase to the Slime Pits.
 22144 | Lair:6   | Reached XP level 14. HP: 82/103 MP: 9/29
 23174 | Lair:6   | Found a large runed door.
 23175 | Lair:6   | Found a large runed door.
 23400 | Lair:6   | Reached skill level 6 in Staves
 23737 | Lair:6   | Got a crude hand axe
 23738 | Lair:6   | Identified the +6 hand axe of Qoixzopn {freeze, rN+} (You found it on level 6 of the Lair of Beasts)
 24273 | D:10     | Entered Level 10 of the Dungeon
 24273 | D:10     | Found a staircase to the Orcish Mines.
 24325 | D:10     | Noticed Fannar
 24335 | D:10     | Killed Fannar
 24474 | D:10     | Reached skill level 7 in Staves
 24528 | D:10     | Found an opulent altar of Gozag.
 24965 | Orc:1    | Entered Level 1 of the Orcish Mines
 25137 | Orc:2    | Entered Level 2 of the Orcish Mines
 25176 | Orc:2    | Found a staircase to the Elven Halls.
 25322 | Orc:2    | Reached skill level 8 in Staves
 25695 | Orc:1    | Found Tulou's Antique Armour Shoppe.
 26337 | Orc:2    | Reached skill level 9 in Staves
 26339 | Orc:2    | Found Qecakap's Book Shop.
 26339 | Orc:2    | Found Pafrapn's Food Boutique.
 26363 | Orc:2    | Found Naunisiu's Food Boutique.
 26542 | Orc:2    | Found Juug's General Store.
 26788 | Orc:2    | Found Xonoff's Antique Armour Shoppe.
 26797 | Orc:2    | Bought a runed helmet for 210 gold pieces
 26797 | Orc:2    | Bought a glowing cloak for 210 gold pieces
 27002 | Orc:2    | Bought a +0 lajatang for 210 gold pieces
 27626 | D:11     | Found Ugikubeg's Weapon Emporium.
 28467 | D:12     | You fall through a shaft for 3 floors!
 28467 | D:15     | Entered Level 15 of the Dungeon
 28564 | D:15     | Paralysed by a floating eye for 4 turns
 28823 | D:15     | Found a blossoming altar of Fedhas.
 28839 | D:15     | Reached skill level 10 in Staves
 28859 | D:15     | Reached XP level 15. HP: 104/110 MP: 8/30
 29341 | D:15     | Found Tyiviq's Antique Weapon Shoppe.
 29344 | D:15     | Reached skill level 11 in Staves
 29529 | D:15     | Bought a glowing quarterstaff for 350 gold pieces
 29819 | D:15     | Noticed a caustic shrike
 29820 | D:15     | Noticed an iron giant
 29820 | D:15     | a caustic shrike changed into an iron giant
 29822 | D:15     | Noticed a fire giant
 29822 | D:15     | an iron giant changed into a fire giant
 29824 | D:15     | Noticed a storm dragon
 29824 | D:15     | a fire giant changed into a storm dragon
 29825 | D:15     | a storm dragon changed into an entropy weaver
 29984 | D:15     | Found a staircase to the Depths.
 30095 | D:14     | Found a gate to the Vaults.
 30095 | D:14     | Noticed Rupert
 30099 | D:15     | Reached skill level 12 in Staves
 30189 | D:14     | Found Puwniom's Jewellery Boutique.
 30913 | D:14     | Found an iron altar of Okawaru.
 31704 | D:14     | Bought the ring of the Pure Realms {+Fly rF+ MR+ Dex+4 SInv} for 695 gold pieces
 32532 | D:12     | Reached skill level 13 in Staves
 33541 | Spider:1 | Entered Level 1 of the Spider Nest
 34289 | Lair:2   | Reached XP level 16. HP: 109/116 MP: 6/31
 35164 | Spider:1 | Reached skill level 14 in Staves
 35690 | Spider:1 | Got a twisted quarterstaff
 35691 | Spider:1 | Identified the +7 quarterstaff of Uskayaw's Regard {crush, rPois Str+2} (You found it on level 1 of the Spider Nest)
 37507 | Spider:2 | Reached skill level 15 in Staves
 39102 | Spider:3 | Slain by a spark wasp

Skill      XL: |  1  2  3  4  5  6  7  8  9 10 11 12 13 14 15 16 |
---------------+-------------------------------------------------+-----
Spellcasting   | 3 4 5 6 7 8 9 10 11 | 11.7
Necromancy     | 5 7 8 9 10 11 12 | 12.8
Armour         | 1 2 3 4 5 6 |  6.8
Fighting       | 1 2 3 4 5 6 7 |  7.9
Dodging        | 3 4 5 6 7 |  7.2
Conjurations   | 2 4 6 7 8 9 |  9.1
Staves         | 1 3 5 10 13 15 | 15.0
Stealth        | |  1.5

Action                   |  1- 3 |  4- 6 |  7- 9 | 10-12 | 13-15 | 16-18 || total
-------------------------+-------+-------+-------+-------+-------+-------++-------
Melee: Dagger            |    51 |    33 |       |       |       |       ||    84
       Long sword        |       |     1 |       |       |       |       ||     1
       Hand axe          |       |       |   321 |       |       |       ||   321
       Whip              |       |       |    57 |       |       |       ||    57
       Quarterstaff      |       |       |   176 |   226 |   512 |       ||   914
       Mace              |       |       |       |   145 |       |       ||   145
       Lajatang          |       |       |       |       |   459 |   149 ||   608
 Cast: Pain              |    68 |   109 |   186 |    78 |       |       ||   441
       Vampiric Draining |       |     1 |    31 |    80 |    20 |       ||   132
       Control Undead    |       |       |     6 |     1 |       |       ||     7
       Bolt of Draining  |       |       |       |    95 |   356 |   142 ||   593
       Animate Dead      |       |       |       |     2 |     2 |       ||     4
       Dispel Undead     |       |       |       |     9 |    31 |       ||    40
       Repel Missiles    |       |       |       |       |     6 |       ||     6
       Blink             |       |       |       |       |       |     1 ||     1
Invok: Receive Corpses   |       |       |       |     4 |     4 |       ||     8
       Torment           |       |       |       |     1 |       |       ||     1
 Abil: Evoke Flight      |       |       |       |     4 |     6 |     3 ||    13
       Stop Flying       |       |       |       |       |     5 |     1 ||     6
Evoke: Wand              |       |       |       |     3 |       |     2 ||     5
  Use: Scroll            |     5 |     3 |     7 |    24 |    11 |     9 ||    59
 Stab: Paralysed         |       |       |     2 |       |     1 |       ||     3
       Confused          |       |       |     1 |       |       |       ||     1
       Petrified         |       |       |     1 |       |       |       ||     1
       Distracted        |       |       |       |       |     1 |       ||     1
       Held in net/web   |       |       |       |       |     1 |       ||     1
Armor: Fire dragon scale |    69 |    70 |   504 |   201 |       |       ||   844
       Scale mail        |       |       |       |   320 |   728 |   217 ||  1265
Dodge: Dodged            |    46 |    42 |   382 |   453 |   972 |   265 ||  2160
       Deflected         |       |       |       |       |    17 |       ||    17
